 Dungeon Crawl Stone Soup version 0.29-a0-821-g6639535 (webtiles) character file.

Game seed: 3709841021703718524

72 PurpleRed the Sneak (level 4, -1/26 HPs)
             Began as a Deep Elf Brigand on July 7, 2022.
             Killed by nerve-wracking pain
             ... invoked by an orc priest
              (10 damage)
             ... on level 3 of the Dungeon.
             The game lasted 00:06:32 (772 turns).

PurpleRed the Sneak (Deep Elf Brigand)               Turns: 772, Time: 00:06:32

Health: -1/26      AC:  4    Str:  8    XL:     4   Next: 6%
Magic:  1/11       EV: 12    Int: 18    God:
Gold:   122        SH:  0    Dex: 16    Spells: 3/10 levels left

rFire   . . .      SeeInvis .   i - +2 short sword (flame)
rCold   . . .      Faith    .   (no shield)
rNeg    . . .      Spirit   .   b - +0 robe
rPois   .          Reflect  .   (no helmet)
rElec   .          Harm     .   c - +0 cloak
rCorr   .          Rampage  .   (no gloves)
Will    .....                   g - +0 pair of boots
Stlth   +++.......              (no amulet)
HPRegen 0.08/turn               (no ring)
MPRegen 0.12/turn               (no ring)

@: no status effects
A: no striking features
a: no special abilities


You were on level 3 of the Dungeon.
You visited 1 branch of the dungeon, and saw 3 of its levels.

You collected 122 gold pieces.

Inventory:

Hand Weapons
 a - a +2 dagger
 h - a +0 sling
 i - a +2 short sword of flaming (weapon)
Missiles
 d - 7 poisoned darts (quivered)
 e - 3 curare-tipped darts
Armour
 b - a +0 robe (worn)
 c - a +0 cloak (worn)
 g - a +0 pair of boots (worn)
 m - a +0 ring mail
Scrolls
 f - a scroll of teleportation {unknown}
 k - 2 scrolls of identify {unknown}
 n - 2 scrolls of enchant weapon {unknown}
 o - a scroll of summoning {unknown}
Potions
 j - a potion of degeneration {unknown}
 l - a potion of might {unknown}
 p - a potion of curing {unknown}
 q - a potion of mutation {unknown}
 r - a potion of flight {unknown}


   Skills:
 - Level 2.0 Fighting
 - Level 2.0 Short Blades
 - Level 2.0 Throwing
 - Level 1.2 Dodging
 - Level 4.8 Stealth
 + Level 3.8 Spellcasting
 + Level 1.5 Conjurations
 + Level 0.5 Earth Magic


You had 3 spell levels left.
You knew the following spells:

 Your Spells              Type           Power      Damage    Failure   Level
a - Shock                 Conj/Air       24%        1d4       11%         1
b - Swiftness             Air            3%         N/A       41%         3
c - Stone Arrow           Conj/Erth      14%        3d7       30%         3

Your spell library contained the following spells:

 Spells                   Type           Power      Damage    Failure   Level
 Animate Armour           Summ/Erth      8%         N/A       80%         4
 Airstrike                Air            1%         0-2+      82%         4
 Lehudib's Crystal Spear  Conj/Erth      3%         10d3      100%        8


Dungeon Overview and Level Annotations

Branches:
Dungeon (3/15)

Altars:

Shops:
D:3 :


Message History

Casting: Shock (safe; 11% risk of failure)
Confirm with . or Enter, or press ? or * to list all spells.
Aiming: Shock (safe; 11% risk of failure)
Press: ? - help, Shift-Dir - straight line That beam is likely to hit you.
Continue anyway?
The zap misses the orc.
The zap hits the orc.
The orc is heavily wounded.
The zap hits the orc.
You kill the orc!
The zap hits the orc.
The orc is almost dead.
The zap misses you. The orc hits you with a +0 hand axe.
You hit the orc. You burn the orc.
You kill the orc!
The orc priest shouts!
Things that are here:
a +0 hand axe; a +0 leather armour; an orc corpse
Casting: Shock (safe; 11% risk of failure)
Confirm with . or Enter, or press ? or * to list all spells.
Aiming: Shock (safe; 11% risk of failure)
Press: ? - help, Shift-Dir - straight line The zap hits the orc priest.
The orc priest is lightly wounded.
The zap misses the orc priest.
Casting: Shock (safe; 11% risk of failure)
Confirm with . or Enter, or press ? or * to list all spells.
The spell is extremely dangerous to miscast (30% risk of failure)!
Continue anyway?
Aiming: Stone Arrow (extremely dangerous; 30% risk of failure)
Press: ? - help, Shift-Dir - straight line, f - orc priest
Aim: an orc priest, wielding a +0 mace and wearing a +0 ring mail (lightly wounded, 69% to hit)
The stone arrow misses the orc priest.
The orc priest closely misses you.
You hit the orc priest but do no damage.
The orc priest is lightly wounded.
The orc priest invokes the aid of Beogh against you.
You barely resist.
You hit the orc priest but do no damage.
The orc priest is lightly wounded.
The orc priest calls down the wrath of Beogh upon you.
Pain shoots through your body!
You die...

..## ##.# #r##.# .. . ##.##
##.## #.##.# .# .# ##.###...#
#.##.# o#..# ##....#.# #.##.#
#?#..#
#.##...######.##.######.....#
#.#####........(...†....>...#
........#####.#####.........#
##.####### #.# #..⌠...⌠.#.#
#.# #@# #....∩.....# #.#
#o####..⌠...⌠.#.# #.#
#)..o).........##
######..#.....## #.#####.##
#.. .# ##.# .. .# ### ##


You could see an orc priest.

Vanquished Creatures
  2 adders (D:2)
  3 orcs (D:3)
  5 ball pythons
  4 bats
  6 endoplasms
  4 giant cockroaches (D:1)
  3 goblins
  4 hobgoblins
  3 quokkas
  3 frilled lizards
  5 kobolds
  3 rats
45 creatures vanquished.

Notes
Turn   | Place    | Note
-------+----------+-------------------------------------------
     0 | D:1      | PurpleRed the Deep Elf Brigand began the quest for the Orb.
     0 | D:1      | Reached XP level 1. HP: 12/12 MP: 3/3
    95 | D:1      | Reached skill level 1 in Spellcasting
   106 | D:1      | Reached XP level 2. HP: 12/17 MP: 4/6
   208 | D:2      | Learned a level 1 spell: Shock
   213 | D:2      | Reached XP level 3. HP: 15/21 MP: 9/9
   357 | D:1      | Reached skill level 1 in Conjurations
   477 | D:2      | Learned a level 3 spell: Swiftness
   544 | D:2      | Learned a level 3 spell: Stone Arrow
   730 | D:3      | Found Mylynit's Vocational Training.
   750 | D:3      | Reached XP level 4. HP: 16/26 MP: 8/11
   772 | D:3      | Killed from afar by an orc priest

Illustrated notes

Levels and vault maps discovered:
D:1:      minmay_arrival_split_and_join, layout_basic, minmay_worlds_worst_comb
D:2:      layout_basic, chequers_serial_rivers_micro_c, minmay_pentomino_pile
D:3:      layout_loops_ring, hellmonk_ecumenical_altar_pennies_from_heaven,
          ebering_ghost_gozag, nicolae_shop_vocational

Skill      XL: |  1  2  3 |
---------------+----------+-----
Spellcasting   | 1 3 |  3.8
Fighting       | 2 |  2.0
Conjurations   | 1 |  1.5
Short Blades   | |  2.0
Throwing       | |  2.0
Dodging        | |  1.2
Stealth        | |  4.8
Earth Magic    | |  0.5

Action                   |  1- 3 |  4- 6 || total
-------------------------+-------+-------++-------
Melee: Dagger            |    20 |       ||    20
       Short sword       |    57 |     6 ||    63
Throw: Dart              |     8 |       ||     8
 Cast: Shock             |     9 |     6 ||    15
       Stone Arrow       |       |     1 ||     1
 Stab: Sleeping          |    16 |       ||    16
Armor: Robe              |    22 |       ||    22
Dodge: Dodged            |    48 |     7 ||    55

Table legend: (Time is in decaauts)
 A = Elapsed time spent in this place.
 B = Non-inter-level travel time spent in this place.
 C = Inter-level travel time spent in this place.
 D = Time resting spent in this place.
 E = Time spent auto-exploring this place.
 F = Levels seen in this place.
 G = Mean time per level.
                   A        B        C        D        E       F      G
               +--------+--------+--------+--------+--------+-----+--------+
         Total |    767 |    739 |     28 |      0 |      0 |   3 |  255.7 |
       Dungeon |    767 |    739 |     28 |      0 |      0 |   3 |  255.7 |
               +--------+--------+--------+--------+--------+-----+--------+

Top non-repeatable levels by time:
     D:1: 363 daAuts
     D:2: 332 daAuts
     D:3: 71 daAuts
